 Dungeon Crawl Stone Soup version 0.21-a0-584-g185da8e (webtiles) character file.

56 ninurtach the Chopper (level 3, -8/31 HPs)
             Began as a Minotaur Fighter on Dec 20, 2017.
             Splashed by a jelly's acid (9 damage)
             ... summoned by the darkness of Dithmenos
             ... on level 2 of the Dungeon.
             The game lasted 00:03:41 (1192 turns).

ninurtach the Chopper (Minotaur Fighter)            Turns: 1192, Time: 00:03:42

Health: -8/31      AC:  2    Str: 20    XL:     3   Next: 69%
Magic:  2/2        EV:  7    Int:  5    God:
Gold:   55         SH:  9    Dex: 10    Spells: 2/2 levels left

rFire    + . .     SeeInvis .   a - +0 war axe
rCold    + . .     Gourm    .   c - +0 shield
rNeg     . . .     Faith    .   b - +0 scale mail
rPois    .         Spirit   .   (helmet restricted)
rElec    .         Reflect  .   q - scarf {rC+ rF+}
rCorr    .         Harm     .   (no gloves)
MR       .....                  (no boots)
Stlth    ..........             e - amulet of inaccuracy (curse)
HPRegen  0.10/turn              k - ring of wizardry
MPRegen  0.08/turn              (no ring)

@: corroded
A: retaliatory headbutt, horns 2
a: no special abilities


You were on level 2 of the Dungeon.
You were not hungry.

You visited 1 branch of the dungeon, and saw 2 of its levels.

You collected 55 gold pieces.

Inventory:

Hand Weapons
 a - a +0 war axe (weapon)
Armour
 b - a +0 scale mail (worn)
 c - a +0 shield (worn)
 q - a scarf of resistance (worn)
Jewellery
 e - a cursed amulet of inaccuracy (around neck)
 k - a ring of wizardry (left hand)
Scrolls
 g - a scroll of identify {unknown}
 h - a scroll of fog
 i - 2 scrolls of remove curse {unknown}
 j - a scroll of noise {unknown}
 l - a scroll of random uselessness {unknown}
 o - a scroll of fear {unknown}
 p - a scroll of teleportation {unknown}
 r - a scroll of amnesia
Potions
 d - a potion of might
 m - a potion of curing {unknown}
 n - 2 potions of berserk rage {unknown}
 s - a potion of lignification {unknown}
 u - a potion of brilliance {unknown}
Comestibles
 f - 5 rations


   Skills:
 - Level 3.6 Fighting
 + Level 5.0 Axes
 - Level 3.6 Armour
 - Level 3.6 Shields


You had 2 spell levels left.
You didn't know any spells.

Dungeon Overview and Level Annotations

Branches:
Dungeon (2/15)

Altars:
Dithmenos


Innate Abilities, Weirdness & Mutations

You reflexively headbutt those who attack you in melee.
You have a pair of horns on your head.


Message History

You closely miss the jelly. You block the jelly's attack.
You completely miss the jelly. The jelly hits you but does no damage.
Your shield and scale mail prevent you from hitting the jelly.
The jelly hits you but does no damage. x2
Spoiler Alert: The jelly can corrode equipment in melee!
You hit the jelly but do no damage. The acid corrodes you!
Your hands burn!
You block the jelly's attack.
You take 1 damage, and have 14/31 hp.
You barely miss the jelly. Your headbutt misses the jelly. The jelly hits you.
You are splashed with acid!
The acid burns!
* * * LOW HITPOINT WARNING * * *
You take 12 damage, and have 2/31 hp.
MASSIVE DAMAGE!!
Spoiler Alert: The jelly can corrode equipment in melee!
Unknown command.
Your shield and scale mail prevent you from hitting the jelly.
Your headbutt misses the jelly. The jelly hits you but does no damage.
The jelly hits you.
* * * LOW HITPOINT WARNING * * *
You are splashed with acid!
The acid burns!
You die...

########...###.......##
..[..............[....+
###.....#######......##
# #.....# #..##..# #
#.....# ###..# ... #
#.....# #....# #.
#.....# #.##.# '.....+
#.##.# ##.....# #.##@#
#.##J# #.##'#######
#.#.%......#
..#........#
..#........# #........#
#........# #..(.....#


You could see a jelly.

Vanquished Creatures
  2 adders (D:2)
  4 dart slugs (D:1)
  2 leopard geckos (D:2)
  6 hobgoblins
  A quokka (D:2)
  4 bats
  2 frilled lizards (D:1)
  3 goblins (D:1)
  2 kobolds
  4 rats (D:1)
30 creatures vanquished.

Notes
Turn   | Place    | Note
-------+----------+-------------------------------------------
     0 | D:1      | ninurtach the Minotaur Fighter began the quest for the Orb.
     0 | D:1      | Reached XP level 1. HP: 19/19 MP: 0/0
    39 | D:1      | Reached skill level 3 in Axes
    39 | D:1      | Reached XP level 2. HP: 26/26 MP: 1/1
   328 | D:1      | Reached skill level 4 in Axes
   554 | D:2      | Reached XP level 3. HP: 18/31 MP: 2/2
   995 | D:2      | Found a faded altar of an unknown god.
  1000 | D:2      | Became a worshipper of Dithmenos the Shadowed
  1000 | D:2      | Reached * piety under Dithmenos
  1023 | D:2      | Fell from the grace of Dithmenos
  1051 | D:2      | Reached skill level 5 in Axes
  1192 | D:2      | HP: 1/31 [jelly[the darkness of Dithmenos] (1)]
  1192 | D:2      | Splashed by a jelly's acid

Vault maps used:
D:1:      mrwooster_arrival_statue_2
D:2:      chequers_ecumenical_altar_lobes

Skill      XL: |  1  2  3 |
---------------+----------+-----
Axes           | 3 4 5 |  5.0
Fighting       | |  3.6
Armour         | |  3.6
Shields        | |  3.6

Action                   || total
-------------------------++-------
Melee: War axe           ||   113
       Headbutt          ||     9
Invok: Renounce Religion ||     1
  Use: Scroll            ||     2
  Eat: Chunk             ||     1
Armor: Scale mail        ||    45
Dodge: Dodged            ||    39
Block: Shield            ||    60

Table legend:
 A = Spawn XP
 B = Non-spawn XP
 C = Spawn XP percentage of total XP
 D = Spawn monster count
 E = Non-spawn monster count
 F = Spawn count percentage of total count
 G = Total turns spent on level
                    A         B        C        D         E        F      G
               +---------+---------+-------+---------+---------+-------+---------
         Total |       0 |      80 |   0.0 |       0 |      30 |   0.0 |  1192
               +---------+---------+-------+---------+---------+-------+---------
           D:1 |       0 |      37 |   0.0 |       0 |      19 |   0.0 |   543
           D:2 |       0 |      43 |   0.0 |       0 |      11 |   0.0 |   649
               +---------+---------+-------+---------+---------+-------+---------
